 Dungeon Crawl Stone Soup version 0.23-a0-473-gc8aadda (webtiles) character file.

169522 aurelian the Bludgeoner (level 17, 0/163 HPs)
             Began as a Minotaur Earth Elementalist on Nov 27, 2018.
             Was a High Priest of Okawaru.
             Slain by a sixfirhy (5 damage)
             ... on level 3 of the Abyss.
             The game lasted 01:52:38 (53015 turns).

aurelian the Bludgeoner (MiEE)                     Turns: 53015, Time: 01:52:39

Health: 0/163      AC: 36    Str: 13    XL:     17   Next: 35%
Magic:  15/15      EV: 10    Int: 15    God:    Okawaru [*****.]
Gold:   1476       SH:  0    Dex: 13    Spells: 17/18 levels left

rFire    . . .     SeeInvis +   C - +7 great mace (protect)
rCold    . . .     Gourm    .   (shield currently unavailable)
rNeg     . . .     Faith    .   s - +3 plate armour {rPois}
rPois    +         Spirit   .   L - +1 hat {Int+3}
rElec    .         Reflect  .   I - +2 cloak
rCorr    .         Harm     .   K - +0 pair of gloves {Dex+3}
MR       +....                  R - +1 pair of boots {run}
Stlth    ..........             E - amulet of rage
HPRegen  0.00/turn              z - ring of see invisible
MPRegen  0.14/turn              S - ring of Shadows {Umbra +Inv Stlth+}

@: confused, protection aura, flying (expiring), very slightly contaminated,
wreathed by umbra, quick
A: retaliatory headbutt, horns 2, [clumsy 2], [deterioration 2], [low mp 3],
[inhibited regeneration], [weak 2]
a: Heroism, Finesse, Renounce Religion, Evoke Berserk Rage, Evoke Invisibility


You were on level 3 of the Abyss.
You worshipped Okawaru.
Okawaru was extremely pleased with you.
You were not hungry.

You visited 4 branches of the dungeon, and saw 27 of its levels.
You visited the Abyss 1 time.

You collected 3192 gold pieces.
You spent 1716 gold pieces at shops.

Inventory:

Hand Weapons
 y - the +8 flail of Greed {crush, Str+3 Dex+4}
   (You found it on level 3 of the Lair of Beasts)

   It inflicts extra damage upon your enemies.
   It affects your strength (+3).
   It affects your dexterity (+4).
 C - a +7 great mace of protection (weapon)
   (Okawaru gifted it to you on level 4 of the Spider Nest)
 D - a +3 great mace of holy wrath
   (You took it off an orc knight on level 2 of the Orcish Mines)
 Z - a +4 great mace
   (You took it off Urug on level 13 of the Dungeon)
Missiles
 b - 618 stones (quivered)
 Q - a throwing net {!f}
 W - 139 poisoned needles
Armour
 s - a +3 plate armour of poison resistance (worn)
   (Okawaru gifted it to you on level 14 of the Dungeon)
 I - a +2 cloak (worn)
   (You found it on level 3 of the Spider Nest)
 K - a +0 pair of gloves of dexterity (worn)
   (You bought it in a shop on level 2 of the Orcish Mines)
 L - a +1 hat of intelligence (worn)
   (Okawaru gifted it to you on level 1 of the Orcish Mines)
 R - a +1 pair of boots of running (worn)
   (Okawaru gifted it to you on level 5 of the Lair of Beasts)
 U - a scarf of repulsion
   (You found it on level 11 of the Dungeon)
Jewellery
 i - an uncursed ring of protection from fire
   (You took it off a vampire on level 11 of the Dungeon)
 j - an uncursed ring of protection from magic
   (You bought it in a shop on level 2 of the Orcish Mines)
 l - an uncursed ring of protection from magic
   (You bought it in a shop on level 2 of the Orcish Mines)
 z - a ring of see invisible (left hand)
   (You took it off an orc on level 9 of the Dungeon)
 E - an amulet of rage (around neck)
   (You found it on level 5 of the Dungeon)
 F - an uncursed ring of wizardry
   (You found it on level 1 of the Lair of Beasts)
 H - an uncursed ring of ice
   (You found it on level 3 of the Dungeon)
 S - the ring of Shadows (right hand) {Umbra +Inv Stlth+}
   (You bought it in a shop on level 2 of the Orcish Mines)

   [ring of stealth]

   It lets you turn invisible.
   It makes you more stealthy.
Wands
 c - a wand of disintegration (18)
   (You found it on level 1 of the Lair of Beasts)
 d - a wand of iceblast (17)
   (You found it on level 7 of the Dungeon)
 k - a wand of polymorph (31)
   (You took it off Erica on level 2 of the Lair of Beasts)
 t - a wand of flame (19)
   (You found it on level 3 of the Lair of Beasts)
 u - a wand of paralysis (2)
   (You found it on level 6 of the Lair of Beasts)
 v - a wand of digging (12)
   (You found it on level 6 of the Dungeon)
Scrolls
 a - 14 scrolls of remove curse {@r2}
 f - 4 scrolls of teleportation {@r4}
 m - 7 scrolls of amnesia
 o - 6 scrolls of fog
 B - 3 scrolls of identify {@r1}
 O - 3 scrolls of immolation {!r}
 Y - a scroll of fear
Potions
 g - 6 potions of brilliance
 h - 3 potions of flight
 n - a potion of might
 p - 3 potions of haste {@q3}
 q - 6 potions of agility
 w - 2 potions of mutation {!q}
 x - 3 potions of invisibility
 A - 3 potions of curing {@q1}
 G - 2 potions of resistance
 M - a potion of cancellation
 N - 2 potions of ambrosia
 V - a potion of berserk rage
Miscellaneous
 P - 2 phantom mirrors
Comestibles
 e - 16 rations {!d}


   Skills:
 + Level 17.6 Fighting
 - Level 20.0 Maces & Flails
 + Level 15.5 Armour
 + Level 14.1 Dodging
 - Level 1.5 Stealth
 - Level 1.3 Spellcasting
   Level 0.7 Transmutations
 - Level 2.4 Earth Magic
 - Level 2.0 Invocations
 + Level 9.5 Evocations


You had 17 spell levels left.
You knew the following spells:

 Your Spells              Type           Power        Failure   Level  Hunger
a - Sandblast             Erth           #.....       95%         1    ##.....

Your spell library contained the following spells:

 Spells                   Type           Power        Failure   Level  Hunger
 Passwall                 Tmut/Erth      #.......     99%         2    ###....
 Apportation              Tloc           #.....       100%        1    ##.....
 Confusing Touch          Hex            #.....       100%        1    ##.....
 Summon Butterflies       Summ           #.......     100%        1    ##.....
 Summon Small Mammal      Summ           #...         100%        1    ##.....
 Call Imp                 Summ           #.......     100%        2    ###....
 Poisonous Vapours        Pois/Air       #.....       100%        2    ###....
 Call Canine Familiar     Summ           #.......     100%        3    ####...
 Confuse                  Hex            #.......     100%        3    ####...
 Conjure Flame            Conj/Fire      #.......     100%        3    ####...
 Gell's Gravitas          Tloc           #.........   100%        3    ####...
 Lesser Beckoning         Tloc           #.........   100%        3    ####...
 Mephitic Cloud           Conj/Pois/Air  #.......     100%        3    ####...
 Stone Arrow              Conj/Erth      #.....       100%        3    ####...
 Summon Guardian Golem    Hex/Summ       #.......     100%        3    ####...
 Tukima's Dance           Hex            #.......     100%        3    ####...
 Petrify                  Tmut/Erth      #.......     100%        4    #####..
 Summon Ice Beast         Ice/Summ       #.......     100%        4    #####..
 Summon Lightning Spire   Summ/Air       #.......     100%        4    #####..
 Alistair's Intoxication  Tmut/Pois      #.......     100%        5    ######.
 Lee's Rapid Deconstruct  Erth           #.........   100%        5    ######.
 Metabolic Englaciation   Hex/Ice        #.........   100%        5    ######.
 Yara's Violent Unravell  Hex/Tmut       #.........   100%        5    ######.
 Freezing Cloud           Conj/Ice/Air   #.........   100%        6    #######
 Invisibility             Hex            #.......     100%        6    #######
 Ring of Flames           Chrm/Fire      #.........   100%        7    #######


Dungeon Overview and Level Annotations

Branches:
Dungeon (15/15)            Temple (0/1) D:5            Lair (6/6) D:8
 Shoals (0/4) Lair:4       Spider (4/4) Lair:4        Slime (0/5) Lair:5
    Orc (2/2) D:9             Elf (0/3) Orc:2        Vaults (0/5) D:14
 Depths (0/5) D:15

Altars:
Cheibriados
Dithmenos
Elyvilon
Kikubaaqudgha
Nemelex Xobeh
Okawaru
Qazlal
Sif Muna
Trog
Uskayaw
Vehumet
Wu Jian
Yredelemnul
The Shining One
Beogh

Shops:
D:6 }   D:15 [   Orc:1 [   Orc:2 =[*(=

Annotations:
D:3 1 runed door
D:4 exclusion: downstairs
D:5 2 transporters, exclusion: downstairs, Caerwyn's ghost, novice DrTm
Lair:4 exclusions: door and 1 more exclusion
Lair:5 exclusions: downstairs and oklob plant
Spider:4 Louise
Orc:1 exclusion: oklob plant


Innate Abilities, Weirdness & Mutations

You reflexively headbutt those who attack you in melee.
You have a pair of horns on your head.
[You are very clumsy. (Dex -4)]
[Your body often deteriorates upon taking damage.]
[Your magical capacity is extremely low. (-30% MP)]
[You do not regenerate when monsters are visible.]
[You are very weak. (Str -4)]


Message History

Unknown command.
You bump into the rock wall.
The air elemental hits you!
* * * LOW HITPOINT WARNING * * *
The air elemental closely misses you.
The small abomination closely misses you.
Unknown command.
You bump into the rock wall.
The air elemental barely misses you. x2
The small abomination hits you but does no damage.
The air elemental barely misses you.
Unknown command.
Unknown command.
You bump into the rock wall.
The winds around the air elemental calm down.
The air elemental closely misses you. The small abomination misses you.
The spatial maelstrom closely misses you.
The spatial maelstrom hits you but does no damage.
A vortex of raging winds appears around the air elemental!
The small abomination hits you but does no damage.
Unknown command.
Unknown command.
You sock the spatial maelstrom!
Your weapon exudes an aura of protection.
You headbutt the spatial maelstrom.
The vortex of raging winds lifts you up.
You fly up into the air.
* * * LOW HITPOINT WARNING * * *
The air elemental hits you but does no damage.
The spatial maelstrom hits you but does no damage. x2
The air elemental hits you but does no damage.
The small abomination hits you.
* * * LOW HITPOINT WARNING * * *
Your plate armour prevents you from hitting the small abomination.
You are engulfed in raging winds.
* * * LOW HITPOINT WARNING * * *
A thrashing horror comes into view. x2
The air elemental barely misses you.
The spatial maelstrom closely misses you.
The spatial maelstrom hits you!
* * * LOW HITPOINT WARNING * * *
Space bends around you.
* * * LOW HITPOINT WARNING * * *
The sixfirhy hits you but does no damage.
The air elemental hits you but does no damage.
The thrashing horror moves out of view. x2
Unknown command.
You bludgeon the small abomination!!
You destroy the small abomination!
Okawaru accepts your kill.
You are engulfed in raging winds.
The sixfirhy hits you.
You die...

.#. #.....v..
#..##........
...#...X....
.....(.....
........# .§§§§§.#
###v§§§..# #v§@3§#
##§#E§# ## #
#§.§§§§##.. §. #
§§.§##§..... §.. .
..##§.§§...... §.. .
...#.#....#...###
..## #... .....#.
.......
#....##..#.##§......
#...§..# ....... .


You could see a spatial maelstrom, 2 spatial vortices, a thrashing horror, a
sixfirhy and an air elemental.

Vanquished Creatures
  Kirke (Spider:3)
  3 emperor scorpions
  An orc warlord (Orc:1)
  An ironheart preserver (D:14)
  4 entropy weavers
  Nessos (D:13)
  A stone giant (Orc:1)
  Azrael (D:12)
  3 ettins
  Josephine (Lair:6)
  A great orb of eyes (Spider:3)
  A fire dragon (Lair:6)
  6 hydras
  A catoblepas (Lair:5)
  7 two-headed ogres
  2 centaur warriors
  Erica (Lair:2)
  8 death yaks
  2 death knights (D:14)
  A tengu warrior (D:15)
  An ogre mage (D:15)
  3 thrashing horrors (Abyss:3)
  3 orc high priests (Orc:2)
  Urug (D:13)
  Sonja (D:13)
  5 skeletal warriors (D:14)
  3 wretched stars (Abyss:3)
  A fire crab (Lair:5)
  An unseen horror (D:14)
  A glowing orange brain (Abyss:3)
  Pikel (D:7)
  5 orc knights
  A harpy (shapeshifter) (D:15)
  A lindwurm (Lair:6)
  2 deep elf magi
  10 orb spiders
  25 wolf spiders
  17 ugly things
  6 orc sorcerers
  2 manticores
  18 cyclopes
  A moth of wrath (Spider:1)
  3 centaur zombies
  A merfolk siren (Lair:4)
  8 elephants
  4 molten gargoyles
  3 gargoyles
  8 black mambas
  Psyche (D:12)
  5 orange demons (D:11)
  A rime drake (Lair:6)
  9 spiny frogs
  3 kobold demonologists
  A torpor snail (Lair:4)
  10 demonic crawlers
  2 redback zombies
  4 centaur skeletons
  A freezing wraith (D:14)
  18 komodo dragons
  A rime drake (shapeshifter) (D:15)
  2 red devils (D:11)
  A yaktaur (D:15)
  2 ice devils (D:15)
  A hydra zombie (Abyss:3)
  29 jumping spiders
  8 trolls
  2 merfolk
  16 blink frogs
  11 dream sheep (Lair:6)
  8 slime creatures
  2 hornets
  A hippogriff (shapeshifter) (D:15)
  13 hippogriffs
  63 redbacks
  25 tarantellas
  5 shadows
  9 wraiths
  3 fire elementals (D:12)
  A wyvern (D:12)
  Eustachio (D:5)
  2 small abominations (Abyss:3)
  A vampire (D:11)
  A fire bat (shapeshifter) (D:15)
  36 yaks
  6 basilisks
  5 hogs
  2 hungry ghosts
  2 steam dragons (Lair:6)
  7 vampire mosquitoes
  Edmund (D:5)
  8 wargs
  2 acid dragons
  2 soldier ants
  16 water moccasins
  Duvessa (D:5)
  A meliai simulacrum (D:15)
  15 porcupines
  5 hell hounds
  35 orc warriors
  6 sky beasts
  3 ice beasts
  4 black bears
  6 phantoms
  2 necrophages
  4 boggarts (D:15)
  10 ogres
  9 centaurs
  A crocodile (shapeshifter) (D:14)
  12 crocodiles
  17 wolves
  6 big kobolds
  21 bullfrogs
  A wyvern zombie (D:12)
  2 wyvern skeletons (D:14)
  3 scorpions
  Dowan (D:5)
  12 killer bees
  17 wights
  4 howler monkeys
  3 electric eels
  10 lava snakes
  8 crimson imps
  8 hounds
  A bullfrog zombie (D:12)
  A human zombie (D:3)
  17 orc priests
  A gnoll shaman (Orc:1)
  4 jellies
  12 orc wizards
  Ijyb (D:3)
  10 worker ants
  A hound skeleton (D:6)
  A worker ant zombie (D:10)
  Robin (D:4)
  A howler monkey skeleton (D:4)
  10 gnolls
  12 adders
  3 shadow imps
  An ufetubus (Abyss:3)
  2 oozes (Lair:5)
  2 adder skeletons (D:6)
  4 worms
  4 dart slugs
  A leopard gecko (D:5)
  84 orcs
  A giant cockroach (D:4)
  12 goblins
  4 hobgoblins
  2 jackals (D:6)
  6 quokkas
  2 ball pythons
  4 bats
  6 frilled lizards
  30 kobolds
  A quokka zombie (D:8)
  14 rats
1016 creatures vanquished.

Vanquished Creatures (others)
  A human (Spider:4)
  A basilisk (Lair:6)
  13 fungi
  41 plants
56 creatures vanquished.

Grand Total: 1072 creatures vanquished

Notes
Turn   | Place    | Note
-------+----------+-------------------------------------------
     0 | D:1      | aurelian the Minotaur Earth Elementalist began the quest
                  | for the Orb.
     0 | D:1      | Reached XP level 1. HP: 14/14 MP: 1/1
    74 | D:1      | Reached skill level 1 in Fighting
   420 | D:1      | Reached skill level 1 in Maces & Flails
   614 | D:1      | Reached XP level 2. HP: 23/23 MP: 3/3
  1378 | D:2      | Reached skill level 2 in Maces & Flails
  2015 | D:2      | Reached XP level 3. HP: 29/29 MP: 1/4
  2158 | D:2      | Reached skill level 3 in Maces & Flails
  2232 | D:2      | Found a stormy altar of Qazlal.
  2549 | D:2      | Reached XP level 4. HP: 37/37 MP: 2/5
  3089 | D:3      | Found a runed door.
  3089 | D:3      | Noticed a human
  3103 | D:3      | Reached skill level 4 in Maces & Flails
  3348 | D:3      | Found a basalt altar of Yredelemnul.
  3385 | D:3      | Noticed a phantom
  3406 | D:3      | Noticed Ijyb
  3882 | D:3      | Noticed an ogre
  3890 | D:3      | Killed Ijyb
  3890 | D:3      | Reached XP level 5. HP: 24/45 MP: 4/6
  3893 | D:3      | Killed an ogre
  3893 | D:3      | Reached skill level 5 in Maces & Flails
  4350 | D:3      | Found a snail-covered altar of Cheibriados.
  4454 | D:4      | Reached XP level 6. HP: 27/52 MP: 7/7
  4688 | D:4      | Reached skill level 6 in Maces & Flails
  4688 | D:4      | Reached skill level 1 in Armour
  5132 | D:4      | Noticed Robin
  5142 | D:4      | Killed Robin
  5363 | D:4      | Reached XP level 7. HP: 58/60 MP: 8/8
  5379 | D:4      | Got an encrusted leather armour
  5699 | D:4      | Reached skill level 7 in Maces & Flails
  5753 | D:3      | Reached skill level 5 in Fighting
  6598 | D:5      | Entered Level 5 of the Dungeon
  6646 | D:5      | Noticed Dowan
  6656 | D:5      | Noticed Duvessa
  6659 | D:5      | Killed Dowan
  6668 | D:5      | Killed Duvessa
  6863 | D:5      | Found an iron altar of Okawaru.
  6885 | D:5      | Found a transporter.
  6921 | D:5      | Became a worshipper of Warmaster Okawaru
  6950 | D:5      | Noticed Edmund
  6952 | D:5      | Found a hide-covered altar of Uskayaw.
  7246 | D:5      | Killed Edmund
  7246 | D:5      | Reached skill level 8 in Maces & Flails
  7339 | D:5      | Found a shadowy altar of Dithmenos.
  7495 | D:4      | Reached XP level 8. HP: 47/70 MP: 9/9
  7498 | D:4      | Reached skill level 1 in Invocations
  7749 | D:5      | Found a white marble altar of Elyvilon.
  7751 | D:5      | Found a bloodstained altar of Trog.
  8525 | D:5      | Found a transporter.
  8527 | D:5      | Noticed Caerwyn's ghost (novice DrTm)
  8850 | D:5      | Noticed Eustachio
  8866 | D:5      | Killed Eustachio
  8866 | D:5      | Reached skill level 9 in Maces & Flails
  8956 | D:5      | Found a staircase to the Ecumenical Temple.
  9116 | D:6      | Reached * piety under Okawaru
  9661 | D:6      | Reached skill level 10 in Maces & Flails
  9672 | D:6      | Found Bivobriu's Gadget Boutique.
  9679 | D:6      | Noticed a two-headed ogre
  9750 | D:5      | Upgraded the game from 0.23-a0-470-g6f7cfd9 to
                  | 0.23-a0-473-gc8aadda
  9800 | D:5      | Found an ancient bone altar of Kikubaaqudgha.
 10126 | D:6      | Reached XP level 9. HP: 79/79 MP: 10/10
 10466 | D:7      | Found a glowing golden altar of the Shining One.
 10636 | D:7      | Found a deep blue altar of Sif Muna.
 10657 | D:7      | Reached ** piety under Okawaru
 10760 | D:7      | Noticed Pikel
 10773 | D:7      | Killed Pikel
 10773 | D:7      | Reached skill level 11 in Maces & Flails
 10825 | D:7      | Found an ornate altar of the Wu Jian Council.
 11117 | D:8      | Got an ichor-stained shortbow
 11192 | D:8      | Found a staircase to the Lair.
 11277 | D:8      | Reached skill level 12 in Maces & Flails
 11398 | D:8      | Found a sparkling altar of Nemelex Xobeh.
 11566 | D:8      | Found a radiant altar of Vehumet.
 11994 | D:9      | Reached *** piety under Okawaru
 12296 | D:9      | Reached XP level 10. HP: 79/91 MP: 11/11
 12336 | D:9      | Reached skill level 13 in Maces & Flails
 13240 | D:9      | Found a roughly hewn altar of Beogh.
 13240 | D:9      | Found a staircase to the Orcish Mines.
 13463 | D:9      | Reached skill level 10 in Fighting
 14177 | D:9      | Reached **** piety under Okawaru
 14192 | D:9      | Noticed a red ugly thing
 14556 | D:9      | Killed a red ugly thing
 14740 | D:9      | Reached skill level 14 in Maces & Flails
 14887 | D:10     | Entered Level 10 of the Dungeon
 15369 | D:10     | Noticed a gargoyle
 16014 | D:10     | Reached skill level 5 in Armour
 16601 | D:10     | Reached XP level 11. HP: 102/102 MP: 12/12
 16609 | D:10     | Noticed a two-headed ogre
 16729 | Lair:1   | Entered Level 1 of the Lair of Beasts
 17254 | Lair:1   | Reached ***** piety under Okawaru
 17314 | Lair:1   | Noticed a seven-headed hydra
 17387 | Lair:1   | Killed a seven-headed hydra
 17387 | Lair:1   | Received a gift from Okawaru
 17387 | Lair:1   | Reached skill level 5 in Dodging
 17706 | Lair:1   | You fall through a shaft!
 17708 | Lair:2   | Noticed Erica
 17715 | Lair:2   | Killed Erica
 19317 | Lair:2   | Reached skill level 1 in Evocations
 19683 | Lair:2   | Received a gift from Okawaru
 20692 | Lair:3   | Reached XP level 12. HP: 79/113 MP: 4/13
 21335 | Lair:3   | Got an ivory flail
 21415 | Lair:3   | Received a gift from Okawaru
 22572 | Lair:3   | Noticed a death yak
 22578 | Lair:3   | Noticed a death yak
 22609 | Lair:3   | Killed a death yak
 22609 | Lair:3   | Reached skill level 15 in Maces & Flails
 22661 | Lair:3   | Noticed a death yak
 22668 | Lair:3   | Noticed a death yak
 22673 | Lair:3   | Killed a death yak
 22693 | Lair:3   | Killed a death yak
 22703 | Lair:3   | Killed a death yak
 24172 | Lair:4   | Reached skill level 10 in Armour
 24496 | Lair:4   | Reached XP level 13. HP: 122/122 MP: 12/15
 24539 | Lair:4   | Found a hole to the Spider Nest.
 24764 | Lair:4   | Found a staircase to the Shoals.
 25281 | Lair:4   | Identified the +8 flail of Greed {crush, Str+3 Dex+4} (You
                  | found it on level 3 of the Lair of Beasts)
 25452 | Lair:4   | Received a gift from Okawaru
 25999 | Lair:5   | Reached skill level 16 in Maces & Flails
 26039 | Lair:5   | Received a gift from Okawaru
 26039 | Lair:5   | Reached skill level 5 in Evocations
 26056 | Lair:5   | Identified a +0 pair of boots of running (Okawaru gifted it
                  | to you on level 5 of the Lair of Beasts)
 26237 | Lair:5   | Found a staircase to the Slime Pits.
 26401 | Lair:5   | Reached ****** piety under Okawaru
 27019 | Lair:6   | Entered Level 6 of the Lair of Beasts
 27041 | Lair:6   | Found an ancient bone altar of Kikubaaqudgha.
 28490 | Lair:6   | Received a gift from Okawaru
 28495 | Lair:6   | Reached skill level 10 in Dodging
 28500 | Lair:6   | Reached skill level 17 in Maces & Flails
 28913 | Lair:6   | Noticed Josephine
 28963 | Lair:6   | Reached XP level 14. HP: 120/133 MP: 16/16
 29023 | Lair:6   | Killed Josephine
 29503 | Lair:6   | Found a large runed door.
 29910 | Lair:6   | Found a large runed door.
 30588 | D:11     | Found a roughly hewn altar of Beogh.
 31723 | D:11     | Received a gift from Okawaru
 31925 | D:12     | Reached skill level 15 in Fighting
 31946 | D:12     | Noticed Psyche
 31951 | D:12     | Killed Psyche
 32170 | D:12     | Reached skill level 18 in Maces & Flails
 33252 | D:12     | Noticed Azrael
 33593 | D:12     | Killed Azrael
 34066 | D:13     | Noticed Urug
 34080 | D:13     | Noticed Nessos
 34505 | D:13     | Killed Urug
 34743 | D:13     | Noticed Sonja
 34748 | D:13     | Killed Sonja
 34856 | D:13     | Killed Nessos
 35189 | D:14     | Reached XP level 15. HP: 141/141 MP: 18/18
 35259 | D:14     | Received a gift from Okawaru
 35518 | D:14     | Received a gift from Okawaru
 36066 | D:14     | Found a gate to the Vaults.
 37145 | D:14     | Reached skill level 19 in Maces & Flails
 37166 | D:15     | Entered Level 15 of the Dungeon
 38056 | D:15     | Found Halidifi's Armour Boutique.
 39105 | D:15     | Found a staircase to the Depths.
 39546 | Orc:1    | Entered Level 1 of the Orcish Mines
 39621 | D:9      | Received a gift from Okawaru
 41378 | Orc:1    | Reached XP level 16. HP: 148/151 MP: 20/20
 41443 | Orc:1    | Received a gift from Okawaru
 41720 | Orc:1    | Found Joaboc's Antique Armour Shoppe.
 42001 | Orc:2    | Entered Level 2 of the Orcish Mines
 42556 | Orc:2    | Found Bigiyx's Antique Weapon Emporium.
 42998 | Orc:2    | Found Teeg's Jewellery Emporium.
 43010 | Orc:2    | Reached skill level 20 in Maces & Flails
 43033 | Orc:2    | Bought an uncursed ring of protection from magic for 375
                  | gold pieces
 43181 | Orc:2    | Found Haocram's Jewellery Shop.
 43359 | Orc:2    | Found a staircase to the Elven Halls.
 43396 | Orc:2    | Found Lyror's General Store.
 43406 | Orc:2    | Found Piapnosm's Antique Armour Shoppe.
 43563 | Orc:2    | Bought a scroll of teleportation for 42 gold pieces
 43818 | Orc:2    | Bought the ring of Shadows {Umbra +Inv Stlth+} for 600 gold
                  | pieces
 43818 | Orc:2    | Found the ring of Shadows {Umbra +Inv Stlth+}
 43870 | Orc:2    | Bought a pair of runed gloves for 187 gold pieces
 43887 | Orc:2    | Bought a pair of embroidered gloves for 187 gold pieces
 44094 | Spider:1 | Entered Level 1 of the Spider Nest
 46180 | Spider:2 | Received a gift from Okawaru
 47236 | Spider:2 | Found a roughly hewn altar of Beogh.
 49435 | Spider:3 | Reached skill level 15 in Armour
 50000 | Spider:4 | Entered Level 4 of the Spider Nest
 50000 | Spider:4 | Noticed Kirke
 50075 | Spider:4 | Reached XP level 17. HP: 161/161 MP: 19/22
 50376 | Orc:2    | Bought an uncursed ring of protection from magic for 325
                  | gold pieces
 50602 | Spider:3 | Killed Kirke
 51449 | Spider:4 | Received a gift from Okawaru
 52436 | Spider:4 | Noticed Louise
 52441 | Spider:4 | Cast into level 3 of the Abyss (Louise)
 52672 | Abyss:3  | Paralysed by accursed screaming for 1 turns
 52676 | Abyss:3  | Found a corrupted altar of Lugonu.
 53003 | Abyss:3  | HP: 8/163 [burnt (8)]
 53014 | Abyss:3  | HP: 5/163 [spatial maelstrom (7)]
 53014 | Abyss:3  | HP: 2/163 [spatial maelstrom (3)]
 53015 | Abyss:3  | Slain by a sixfirhy

Vault maps used:
D:1:      lemuel_arrival_tunnels, grunt_decor_arrowhead, minmay_misc_feat_cross
D:2:      nicolae_qazlal_eye_of_the_storm, first_ration,
          kennysheep_generic_room_11
D:3:      lemuel_round_altar, dk_yredelemnul_ordeal, uniq_ijyb
D:4:      hangedman_decor_clover_reticule, uniq_robin
D:5:      minitemple, lemuel_round_altar, minmay_temple_entry_mini_moons,
          gammafunk_ghost_mausoleum, uniq_eustachio, uniq_edmund, uniq_duvessa
D:6:      minmay_bubble_buster, minmay_shop_grid_forest, columned_hall_lemuel,
          minivault_25
D:7:      tso_metal_star, kennysheep_mini, basic_altar, chequers_avenue,
          uniq_pikel
D:8:      vehumet_crystals, dpeg_oklobed_lair, nemelex_spade_bored_becter
D:9:      david_orc_5
D:10:     hangedman_fish_farm, kennysheep_generic_room_7
D:11:     special_room, minmay_beelzebubs_servants
D:12:     roderic_lattice_a, uniq_azrael, uniq_psyche
D:13:     uniq_sonja, uniq_urug, uniq_nessos
D:14:     skrybe_vaults_entry_preservation
D:15:     gammafunk_enter_depths_forms, minmay_misc_feat_room, serial_shops,
          nicolae_shop_waterfront, portal_ice_cave_demonic_guard
Lair:1:   beast_lair_carwin_5, grunt_megastairs_3
Lair:2:   wander_river, beast_lair_carwin_8, uniq_erica
Lair:3:   cheibrodos_magma_flow, serial_bayou_pond_b, kennysheep_basilisk_garden
Lair:4:   beast_lair_carwin_large_1, elwin_shoals_entry_rooms,
          spider_nest_entry_webs, infiniplex_staircase_pool_2
Lair:5:   nicolae_slime_entry_slimehenge, minmay_lair_oklob_chamber
Lair:6:   cheibrodos_lair_end_hotspot, serial_bayou, serial_bayou_pond_c,
          serial_bayou_pond_d, serial_bayou_shore_b, serial_bayou_lagoon_a,
          basic_altar, uniq_josephine
Spider:1: nicolae_spider_hall_of_the_moth_king
Spider:2: nicolae_spider_mines_2, spider_trap
Spider:4: grunt_spider_rune_island, hive_lemuel, uniq_louise, uniq_kirke
Orc:1:    giant_chief_lemuel, serial_shops, shop, mines3_lemuel
Orc:2:    grunt_orc_gardens, grunt_orc_garden, grunt_orc_garden,
          grunt_orc_garden, grunt_orc_garden, serial_shops, shop

Skill      XL: |  1  2  3  4  5  6  7  8  9 10 11 12 13 14 15 16 17 |
---------------+----------------------------------------------------+-----
Fighting       | 1 2 3 4 5 7 9 11 12 13 14 15 16 17 | 17.6
Maces & Flails | 1 2 3 4 5 6 8 10 12 14 15 17 18 19 20 | 20.0
Armour         | 2 3 4 5 8 10 11 12 13 15 | 15.5
Invocations    | 2 |  2.0
Dodging        | 4 7 8 10 11 12 13 14 | 14.1
Evocations     | 2 4 5 6 8 9 |  9.5
Stealth        | |  1.5
Spellcasting   | |  1.3
Transmutations | |  0.7
Earth Magic    | |  2.4

Action                   |  1- 3 |  4- 6 |  7- 9 | 10-12 | 13-15 | 16-18 || total
-------------------------+-------+-------+-------+-------+-------+-------++-------
Melee: Club              |    66 |     2 |       |       |       |       ||    68
       Unarmed           |     3 |       |       |       |       |     2 ||     5
       Headbutt          |     8 |    12 |    47 |   148 |   364 |   247 ||   826
       Flail             |       |    94 |   351 |   492 |       |       ||   937
       Mace              |       |    14 |       |       |       |       ||    14
       Punch             |       |       |       |     3 |       |       ||     3
       Great mace        |       |       |       |   154 |       |   181 ||   335
       Dire flail        |       |       |       |   182 |  1724 |   962 ||  2868
Throw: Stone             |     6 |     4 |     4 |    10 |       |       ||    24
 Cast: Sandblast         |     8 |    10 |     1 |       |       |       ||    19
Invok: Heroism           |       |       |     2 |    30 |    40 |    13 ||    85
       Finesse           |       |       |       |       |     1 |       ||     1
 Abil: Evoke Invisibilit |       |       |       |       |       |     6 ||     6
Evoke: Wand              |       |       |    20 |    11 |     9 |     9 ||    49
  Use: Scroll            |     3 |     5 |     8 |    10 |    19 |    14 ||    59
       Potion            |       |     1 |       |     5 |     6 |     7 ||    19
 Stab: Sleeping          |     4 |       |       |       |       |       ||     4
       Paralysed         |       |       |     3 |       |     6 |     3 ||    12
       Distracted        |       |       |       |       |     2 |       ||     2
       Invisible         |       |       |       |       |       |    24 ||    24
  Eat: Chunk             |     5 |     6 |    20 |    19 |    36 |    24 ||   110
       Ration            |       |     1 |     2 |     6 |     5 |     5 ||    19
Armor: Robe              |     7 |     5 |       |       |       |       ||    12
       Leather armour    |       |     5 |       |       |       |       ||     5
       Scale mail        |       |    12 |   132 |   163 |       |       ||   307
       Plate armour      |       |       |       |   190 |   881 |   822 ||  1893
Dodge: Dodged            |    39 |    50 |   145 |   369 |   578 |   803 ||  1984

Table legend:
 A = Non-vault XP
 B = Vault XP
 C = Vault XP percentage of total XP
 D = Non-vault monster count
 E = Vault monster count
 F = Vault count percentage of total count
                 A         B        C        D         E       F
            +---------+---------+-------+---------+---------+-------
      Total |  163080 |   79095 |  32.7 |     748 |     269 |  26.5
            +---------+---------+-------+---------+---------+-------
        D:1 |      31 |       0 |   0.0 |      20 |       0 |   0.0
        D:2 |     197 |       1 |   0.5 |      16 |       1 |   5.9
        D:3 |     182 |      77 |  29.7 |      10 |       2 |  16.7
        D:4 |     531 |      28 |   5.0 |      23 |       8 |  25.8
        D:5 |     407 |     583 |  58.9 |      17 |       4 |  19.0
        D:6 |     712 |      56 |   7.3 |      27 |       4 |  12.9
        D:7 |     478 |     697 |  59.3 |      14 |       1 |   6.7
        D:8 |    1500 |     482 |  24.3 |      19 |       3 |  13.6
        D:9 |    3823 |    2494 |  39.5 |      43 |      27 |  38.6
       D:10 |    4106 |     293 |   6.7 |      33 |       1 |   2.9
       D:11 |    3141 |    2928 |  48.2 |      19 |      19 |  50.0
       D:12 |    7325 |    2603 |  26.2 |      51 |       7 |  12.1
       D:13 |    4534 |    2969 |  39.6 |      16 |       3 |  15.8
       D:14 |   20450 |    2640 |  11.4 |      51 |       9 |  15.0
       D:15 |   14546 |    3311 |  18.5 |      50 |      11 |  18.0
     Lair:1 |    2346 |    1048 |  30.9 |       7 |       5 |  41.7
     Lair:2 |    3135 |    2731 |  46.6 |      13 |      10 |  43.5
     Lair:3 |   10993 |    2240 |  16.9 |      41 |      12 |  22.6
     Lair:4 |    5165 |    3565 |  40.8 |      18 |      14 |  43.8
     Lair:5 |    5773 |     887 |  13.3 |      20 |       6 |  23.1
     Lair:6 |   12431 |   10587 |  46.0 |      44 |      32 |  42.1
   Spider:1 |    9355 |    4805 |  33.9 |      25 |      12 |  32.4
   Spider:2 |   13587 |     851 |   5.9 |      43 |       2 |   4.4
   Spider:3 |   17689 |    2636 |  13.0 |      50 |       4 |   7.4
   Spider:4 |    7684 |    9420 |  55.1 |      19 |      21 |  52.5
      Orc:1 |    3195 |   14473 |  81.9 |      27 |      30 |  52.6
      Orc:2 |    3479 |    6682 |  65.8 |      21 |      20 |  48.8
    Abyss:3 |    6285 |       8 |   0.1 |      11 |       1 |   8.3
            +---------+---------+-------+---------+---------+-------
